 Dungeon Crawl Stone Soup version 0.20.1-1-g8b1a95d (webtiles) character file.

316 Gatuga the Digger (level 6, -1/33 HPs)
             Began as a Deep Elf Earth Elementalist on July 22, 2017.
             Slain by an iguana (4 damage)
             ... on level 4 of the Dungeon.
             The game lasted 00:25:41 (2963 turns).

Gatuga the Digger (Deep Elf Earth Elementalist)     Turns: 2963, Time: 00:25:42

Health: -1/33      AC:  4    Str:  5    XL:     6   Next: 20%
Magic:  13/15      EV: 14    Int: 22    God:
Gold:   146        SH:  0    Dex: 15    Spells: 14/15 levels left

rFire    . . .     SeeInvis .   i - +2 dagger (flame)
rCold    . . .     Gourm    .   (no shield)
rNeg     . . .     Faith    .   c - +0 robe
rPois    .         Spirit   .   (no helmet)
rElec    .         Reflect  .   (no cloak)
rCorr    .         Harm     .   t - +0 pair of gloves
MR       .....                  n - +0 pair of boots
Stlth    ++........             (no amulet)
Regen    0.2/turn               (no ring)
MPRegen  0.2/turn               (no ring)

@: no status effects
A: no striking features
a: no special abilities


You were on level 4 of the Dungeon.
You were not hungry.

You visited 1 branch of the dungeon, and saw 4 of its levels.

You collected 146 gold pieces.

Inventory:

Hand Weapons
 i - a +2 dagger of flaming (weapon)
Missiles
 b - 98 stones (quivered)
 l - 3 large rocks
Armour
 c - a +0 robe (worn)
 n - a +0 pair of boots (worn)
 t - a +0 pair of gloves (worn)
 v - a +2 shield
Jewellery
 x - an uncursed amulet of faith
Scrolls
 f - a scroll of blinking {unknown}
 j - 3 scrolls of teleportation
 k - 3 scrolls of magic mapping
 o - 7 scrolls of enchant armour
 p - 2 scrolls of enchant weapon {unknown}
 u - 4 scrolls of remove curse {unknown}
Potions
 a - 2 potions of heal wounds {unknown}
 h - a potion of curing {unknown}
 m - a potion of flight {unknown}
 s - a potion of mutation {unknown}
 w - a potion of brilliance {unknown}
 z - a potion of might {unknown}
Books
 e - a book of Geomancy

   Spells                             Type                      Level
   a - Sandblast                      Earth                        1
   b - Passwall                       Transmutation/Earth          2
   c - Stone Arrow                    Conjuration/Earth            3
   d - Petrify                        Transmutation/Earth          4
   e - Lee's Rapid Deconstruction     Earth                        5
 r - a book of Maledictions

   Spells                             Type                      Level
   a - Corona                         Hexes                        1
   b - Ensorcelled Hibernation        Hexes/Ice                    2
   c - Confuse                        Hexes                        3
   d - Tukima's Dance                 Hexes                        3
   e - Dazzling Spray                 Conjuration/Hexes            3
 B - a book of Flames

   Spells                             Type                      Level
   a - Flame Tongue                   Conjuration/Fire             1
   b - Throw Flame                    Conjuration/Fire             2
   c - Conjure Flame                  Conjuration/Fire             3
   d - Inner Flame                    Hexes/Fire                   3
   e - Sticky Flame                   Conjuration/Fire             4
   f - Fireball                       Conjuration/Fire             5
Comestibles
 d - a bread ration
 g - a royal jelly
 q - 2 meat rations
 A - 2 chunks of flesh
 C - 4 fruits


   Skills:
 + Level 0.5 Fighting
 + Level 2.0 Short Blades
 + Level 3.4 Dodging
 + Level 3.4 Stealth
 + Level 5.1 Spellcasting
   Level 1.1 Transmutations
 + Level 5.2 Earth Magic


You had 14 spell levels left.
You knew the following spells:

 Your Spells              Type           Power        Failure   Level  Hunger
a - Sandblast             Erth           ####..       1%          1    None


Dungeon Overview and Level Annotations

Branches:
Dungeon (4/15)
 Temple: D:4-7

Altars:
Ashenzari
Nemelex Xobeh

Annotations:
D:4 Dowan


Message History

Confirm with . or Enter, or press ? or * to list all spells.
Aiming: Sandblast
Press: ? - help, Shift-Dir - straight line, f - iguana
Aim: an iguana The blast of sand hits the iguana.
The iguana is almost dead.
b - 99 stones The bullfrog skeleton hits you but does no damage.
The iguana bites you!
* * * LOW HITPOINT WARNING * * *
Casting: Sandblast
Confirm with . or Enter, or press ? or * to list all spells.
Aiming: Sandblast
Press: ? - help, Shift-Dir - straight line, f/p - iguana
Aim: an iguana (almost dead)
The blast of sand hits the iguana.
The iguana is almost dead.
b - 98 stones The bullfrog skeleton misses you.
The iguana bites you.
You die...

#.###.######.#.#.#.#<....#######
... #.#.#...............# .###
#.#.#.###.#...#####.# . #.#.#
........#...... #.#.#
###.....#.###.#
#.#.#########.#.# #.# #.#.#...#
#.#.# #.# #####..Z#.#.# #.#.#
#.# .......l@.#.# #.#.# #.#
###########.# #.#.# #.# #.#
#.#<# #.# #.#####.#.###.#
#.......#.....# #############.#
###


You could see an iguana and a bullfrog skeleton.

Vanquished Creatures
  A phantom (D:4)
  A worker ant (D:4)
  4 gnolls
  A howler monkey skeleton (D:4)
  7 adders
  An ooze (D:3)
  An adder skeleton (D:4)
  2 dart slugs
  3 leopard geckos
  4 orcs (D:3)
  9 bats
  7 giant cockroaches
  5 goblins
  11 hobgoblins
  8 jackals
  7 kobolds
  4 frilled lizards
  5 rats
81 creatures vanquished.

Notes
Turn   | Place    | Note
-------+----------+-------------------------------------------
     0 | D:1      | Gatuga the Deep Elf Earth Elementalist began the quest for the Orb.
     0 | D:1      | Reached XP level 1. HP: 10/10 MP: 6/6
   261 | D:1      | Reached XP level 2. HP: 15/15 MP: 5/8
   464 | D:1      | Reached XP level 3. HP: 14/19 MP: 7/10
   764 | D:2      | Reached XP level 4. HP: 10/24 MP: 7/12
   856 | D:2      | Found a shattered altar of Ashenzari.
  1260 | D:3      | Reached skill level 1 in Short Blades
  1611 | D:3      | Found a sparkling altar of Nemelex Xobeh.
  1677 | D:3      | Reached XP level 5. HP: 28/28 MP: 11/13
  2527 | D:4      | Noticed Dowan
  2736 | D:4      | Reached skill level 5 in Earth Magic
  2806 | D:4      | Noticed a phantom
  2824 | D:4      | Killed a phantom
  2824 | D:4      | Reached skill level 5 in Spellcasting
  2824 | D:4      | Reached XP level 6. HP: 33/33 MP: 7/15
  2963 | D:4      | Slain by an iguana

Skill      XL: |  1  2  3  4  5 |
---------------+----------------+-----
Earth Magic    | 4 5 |  5.2
Spellcasting   | 4 5 |  5.1
Short Blades   | 1 2 |  2.0
Stealth        | 3 |  3.4
Dodging        | 3 |  3.4
Fighting       | |  0.5
Transmutations | |  1.1

Action                   |  1- 3 |  4- 6 || total
-------------------------+-------+-------++-------
Melee: Dagger            |    36 |   110 ||   146
       Unarmed           |     1 |       ||     1
 Cast: Sandblast         |    29 |    47 ||    76
  Use: Scroll            |       |     4 ||     4
 Stab: Sleeping          |     1 |     4 ||     5
  Eat: Chunk             |       |     6 ||     6
Armor: Robe              |    13 |    18 ||    31
Dodge: Dodged            |    41 |    87 ||   128
